 Dungeon Crawl Stone Soup version 0.30-a0-808-g6e0788376e (webtiles) character file.

Game seed: 4080550152493223806

584 runemasterragnar the Cudgeller (level 7, -10/63 HPs)
             Began as a Gargoyle Reaver on Feb 25, 2023.
             Mangled by an ogre
             ... wielding a +0 giant club
              (14 damage)
             ... on level 4 of the Dungeon.
             The game lasted 00:05:42 (3007 turns).

runemasterragnar the Cudgeller (Gargoyle Reaver)    Turns: 3007, Time: 00:05:42

Health: -10/63     AC: 23    Str: 15    XL:     7   Next: 37%
Magic:  11/11      EV:  2    Int: 16    God:
Gold:   250        SH:  5    Dex:  8    Spells: 11/12 levels left

rFire   + . .      SeeInvis .    q - +1 morningstar (heavy)
rCold   . . .      Faith    .    (no shield)
rNeg    + . .      Spirit   .    (body armour currently unavailable)
rPois   ∞          Reflect  +    (helmet currently unavailable)
rElec   .          Harm     .    (cloak currently unavailable)
rCorr   .          Rampage  .    (gloves currently unavailable)
Will    .....      NoTele   +    (boots currently unavailable)
Stlth   +                        l - amulet of reflection
HPRegen 0.30/turn                e - ring of protection from fire
MPRegen 0.12/turn                (no ring)

@: tree-form
A: stationary, stasis, torment immunity, boosted hp, sickness immunity, AC +4,
negative energy resistance 1, (electricity resistance), torment resistance 1,
petrification resistance
a: no special abilities


You were on level 4 of the Dungeon.
You were a tree.
You visited 1 branch of the dungeon, and saw 4 of its levels.
You also visited: Ossuary.

You collected 250 gold pieces.

Inventory:

Hand Weapons
 a - a +0 mace
 p - a +1 flail
 q - a +1 heavy morningstar (weapon)
Armour
 b - a +0 leather armour
 j - a +0 chain mail (melded)
Jewellery
 d - a ring of ice
 e - a ring of protection from fire (left branch)
 f - a ring of see invisible
 l - an amulet of reflection (around neck)
Wands
 r - a wand of flame (10)
Scrolls
 c - a scroll of fear
 g - a scroll of enchant armour
 h - 2 scrolls of teleportation
 t - a scroll of torment {unknown}
 u - a scroll of amnesia
Potions
 i - 3 potions of attraction
 k - a potion of ambrosia
 n - a potion of cancellation
 o - 2 potions of curing
 v - a potion of haste


   Skills:
 + Level 3.8 Fighting
 * Level 4.8 Maces & Flails
 * Level 3.2 Armour
 + Level 2.8 Dodging
 + Level 3.3 Spellcasting
 + Level 4.5 Conjurations


You had 11 spell levels left.
You knew the following spells:

 Your Spells              Type           Power      Damage    Failure   Level
a - Kiss of Death         Conj/Necr      36%        2d8       7%          1

Your spell library contained the following spells:

 Spells                   Type           Power      Damage    Failure   Level
 Momentum Strike          Conj/Tloc      18%        3d8       11%         2
 Necrotise                Necr           8%         1d4       19%         1
 Hailstorm                Conj/Ice       9%         3d4       22%         3
 Vampiric Draining        Necr           2%         2d6       50%         3
 Agony                    Necr           2%         N/A       99%         5


Dungeon Overview and Level Annotations

Branches:
Dungeon (4/15)            Ossuary (visited)
 Temple: D:4-7

Altars:
Kikubaaqudgha

Shops:
D:3 =

Annotations:
D:4 3 runed translucent doors, Demosthentine's ghost, amateur VSCK


Innate Abilities, Weirdness & Mutations

You are a tree.
Your roots penetrate the ground, keeping you stationary.
You cannot be teleported.
You are immune to unholy pain and torment.
Your maximum health is greatly increased.
Your equipment is partially melded.
You are immune to sickness and miasma.
((Your stone body is resilient. (AC +4)))
You are immune to poison.
You resist negative energy. (rN+)
((You are resistant to electric shocks. (rElec)))
You are resistant to unholy torment.
You are immune to petrification.


Message History

You block the black bear's attack. The black bear bites you.
The black bear barely misses you.
The black bear claws you but does no damage.
You hit the black bear.
The black bear is lightly wounded.
The black bear bites you! The black bear completely misses you.
The black bear claws you but does no damage.
An ogre comes into view. It is wielding a +0 giant club.
The black bear bites you but does no damage.
The black bear claws you but does no damage.
You block the black bear's attack.
You puncture the black bear!
The black bear is heavily wounded.
The black bear closely misses you. You block the black bear's attack. x2
The black bear bites you.
The black bear claws you but does no damage. x2
You impale the black bear!!
You kill the black bear!
The ogre barely misses you.
Your Armour skill increases to level 3!
The ogre attacks as you move away! The ogre hits you with a +0 giant club!
You see here a ball python corpse.
You hit the ogre.
The ogre is lightly wounded.
You block the ogre's attack.
You barely miss the ogre.
The ogre is lightly wounded.
The ogre barely misses you. The ogre hits you with a +0 giant club!
* * * LOW HITPOINT WARNING * * *
Really quaff the potion of lignification?
You turn into a tree.
Your +0 chain mail melds into your body.
Your roots penetrate the ground.
Unknown command.
You sock the ogre!
The ogre is moderately wounded.
The ogre hits you with a +0 giant club!
* * * LOW HITPOINT WARNING * * *
The ogre hits you with a +0 giant club!
You die...

#.####...####... #.#
#.####....#
###.####.........#
#...(........##..
#........##.###.#####.#
###..###...............
#....# ######..########
#....########..#####
#..............O♣..##
8....###.####..##.#.##
.....# #..#.###.##
.....# #...## ##.##
.....# #..## ##.#
...#.# #. ##.#.#### ###
.#.#.# #. #...#..'####
##+ .....# #.
#...##.#.~.#...# ##.#.#
#.###...####...#.>.#


You could see an ogre.

Vanquished Creatures
  A black bear (D:4)
  A sky beast (D:4)
  A necrophage (D:4)
  2 human zombies (Ossuary)
  2 iguanas (D:4)
  Ijyb (D:3)
  Terence (D:2)
  4 mummies (Ossuary)
  6 adders
  An adder zombie (Ossuary)
  A worm (D:2)
  3 dart slugs
  6 ball pythons
  2 bats
  6 endoplasms
  3 giant cockroaches
  3 gnoll zombies (Ossuary)
  3 goblins
  5 hobgoblins
  2 jackals (D:2)
  3 quokkas
  2 frilled lizards (D:2)
  A goblin zombie (Ossuary)
  A hobgoblin zombie (Ossuary)
  2 jackal zombies (Ossuary)
  6 kobolds
  An orc zombie (Ossuary)
  3 rats
  A rat zombie (Ossuary)
74 creatures vanquished.

Vanquished Creatures (others)
  A bat (D:2)
1 creature vanquished.

Grand Total: 75 creatures vanquished

Notes
Turn   | Place    | Note
-------+----------+-------------------------------------------
     0 | D:1      | runemasterragnar the Gargoyle Reaver began the quest for
                  | the Orb.
     0 | D:1      | Reached XP level 1. HP: 12/12 MP: 3/3
   192 | D:1      | Reached XP level 2. HP: 13/18 MP: 5/5
   767 | D:2      | Reached XP level 3. HP: 18/22 MP: 6/6
   872 | D:2      | Noticed Terence
   888 | D:2      | Killed Terence
   889 | D:2      | Reached XP level 4. HP: 12/26 MP: 5/7
  1426 | D:3      | Found Ceus's Jewellery Emporium.
  1585 | D:3      | Reached skill level 1 in Armour
  1585 | D:3      | Reached XP level 5. HP: 32/32 MP: 8/8
  1749 | D:3      | Found an ancient bone altar of Kikubaaqudgha.
  2012 | D:3      | Noticed Ijyb
  2031 | D:3      | Killed Ijyb
  2371 | D:4      | Reached XP level 6. HP: 24/37 MP: 10/10
  2390 | D:4      | Found a runed translucent gate.
  2390 | D:4      | Noticed Demosthentine's ghost (amateur VSCK)
  2392 | D:4      | Identified the +5 chain mail "Tomosi Qell" {rN+}
  2392 | D:4      | Noticed an orc warrior
  2393 | D:4      | Identified the +6 dagger "Ywufin" {freeze, rPois Dex+3}
  2393 | D:4      | Identified the +5 ring mail "Vamp" {rElec rPois Regen+}
  2396 | D:4      | Found a runed translucent gate.
  2397 | D:4      | Found a runed translucent gate.
  2448 | D:4      | Noticed a sky beast
  2452 | D:4      | Found a sand-covered staircase.
  2457 | Ossuary  | Entered an ossuary
  2929 | D:4      | Killed a sky beast
  2930 | D:4      | Reached XP level 7. HP: 31/42 MP: 11/11
  3007 | D:4      | Mangled by an ogre

Illustrated notes

Levels and vault maps discovered:
D:1:      psy_arrival_dodecagon, layout_loops_ring, minmay_pentomino_o2
D:2:      layout_rooms, serial_bayou_pond_a, kennysheep_generic_room_2,
          uniq_terence
D:3:      layout_basic, mainiacjoe_overflow_concentric_impassable, serial_shops,
          nicolae_shop_stone, uniq_ijyb
D:4:      layout_loops_ring, nicolae_sif_muna_little_library,
          eat_drink_and_be_merry_uskayaw, bloody_makhleb,
          biasface_ghost_orc_armoury, nicolae_ossuary_entry_false_entrances,
          minmay_misc_feat_x

Skill      XL: |  1  2  3  4  5  6  7 |
---------------+----------------------+-----
Dodging        | 2 |  2.8
Fighting       | 3 |  3.8
Armour         | 1 2 3 |  3.2
Conjurations   | 4 |  4.5
Maces & Flails | 4 |  4.8
Spellcasting   | 3 |  3.3

Action                     |  1- 3 |  4- 6 |  7- 9 || total
---------------------------+-------+-------+-------++-------
  Melee: Mace              |    94 |    53 |       ||   147
         Punch             |     2 |     5 |       ||     7
         Flail             |       |   156 |       ||   156
         Morningstar       |       |    17 |     8 ||    25
   Cast: Kiss of Death     |     2 |       |       ||     2
  Evoke: Wand              |       |     4 |       ||     4
    Use: Potion            |     1 |     2 |     1 ||     4
         Scroll            |       |    12 |       ||    12
 Armour: Leather armour    |    54 |       |       ||    54
         Chain mail        |       |   224 |     7 ||   231
  Dodge: Dodged            |    59 |    92 |     5 ||   156
  Block: Other             |       |    68 |     5 ||    73

Table legend: (Time is in decaauts)
 A = Elapsed time spent in this place.
 B = Non-inter-level travel time spent in this place.
 C = Inter-level travel time spent in this place.
 D = Time resting spent in this place.
 E = Time spent auto-exploring this place.
 F = Levels seen in this place.
 G = Mean time per level.
                   A        B        C        D        E       F      G
               +--------+--------+--------+--------+--------+-----+--------+
         Total |   3103 |   2997 |    106 |      0 |   2162 |   5 |  620.6 |
       Dungeon |   2622 |   2516 |    106 |      0 |   1852 |   4 |  655.5 |
       Ossuary |    481 |    481 |      0 |      0 |    310 |   1 |  481.0 |
               +--------+--------+--------+--------+--------+-----+--------+

Top non-repeatable levels by time:
     D:3: 752 daAuts
     D:2: 711 daAuts
     D:1: 706 daAuts
 Ossuary: 481 daAuts
     D:4: 451 daAuts
